 Dungeon Crawl Stone Soup version 0.19.0-22-gd96e5fe (webtiles) character file.

27 tomat the Chopper (level 2, -3/27 HPs)
             Began as a Minotaur Berserker on Nov 19, 2016.
             Was a Follower of Trog.
             Slain by a gnoll
             ... wielding a +0 halberd
              (4 damage)
             ... on level 2 of the Dungeon.
             The game lasted 00:02:03 (1299 turns).

tomat the Chopper (Minotaur Berserker)              Turns: 1299, Time: 00:02:04

Health: -3/27      AC:  2    Str: 21    XL:     2   Next: 93%
Magic:  1/1        EV: 12    Int:  4    God:    Trog [*.....]
Gold:   34         SH:  0    Dex:  9    Spells: 0 memorised, 1 level left

rFire  . . .     SeeInvis .     a - +0 hand axe
rCold  . . .     Gourm    .     b - +0 animal skin
rNeg   . . .     Faith    .     (no shield)
rPois  .         Spirit   .     (helmet restricted)
rElec  .         Reflect  .     (no cloak)
rCorr  .         Harm     .     (no gloves)
MR     .....                    (no boots)
Stlth  +.........               (no amulet)
                                (no ring)
                                (no ring)

@: no status effects
A: retaliatory headbutt, horns 2
a: Berserk, Burn Spellbooks, Renounce Religion


You were on level 2 of the Dungeon.
You worshipped Trog.
Trog was aware of your devotion.
You were not hungry.

You visited 1 branch of the dungeon, and saw 2 of its levels.

You collected 34 gold pieces.

Inventory:

Hand Weapons
 a - a +0 hand axe (weapon)
Missiles
 n - 5 tomahawks (quivered)
Armour
 b - a +0 animal skin (worn)
Scrolls
 e - a scroll of teleportation {unknown}
 g - a scroll of enchant weapon {unknown}
 h - 2 scrolls of fog {unknown}
 i - 3 scrolls of remove curse {unknown}
 j - a scroll of noise {unknown}
 l - a scroll of identify {unknown}
 o - a scroll of recharging {unknown}
Potions
 d - a potion of heal wounds {unknown}
 k - a potion of cancellation {unknown}
Comestibles
 c - 2 bread rations
 f - a beef jerky
 m - 2 chunks of flesh


   Skills:
 + Level 4.0 Fighting
 + Level 4.5 Axes
 + Level 2.5 Armour
 + Level 2.3 Dodging


You had one spell level left.
You didn't know any spells.

Dungeon Overview and Level Annotations

Branches:
Dungeon (2/15)

Altars:
Okawaru
Uskayaw


Innate Abilities, Weirdness & Mutations

You reflexively headbutt those who attack you in melee.
You have a pair of horns on your head.


Message History

A gnoll comes into view. It is wielding a club.
A gnoll comes into view. It is wielding a halberd.
The gnoll shouts!
The gnoll hits you but does no damage. The gnoll completely misses you.
A bat comes into view.
You hit the gnoll but do no damage. Your headbutt misses the gnoll.
You hit the gnoll. The gnoll closely misses you.
The gnoll hits you but does no damage.
You closely miss the gnoll. The gnoll hits you but does no damage.
You closely miss the gnoll. The gnoll closely misses you.
The gnoll hits you with a whip.
You barely miss the gnoll. Your headbutt misses the gnoll.
The gnoll hits you from afar with a halberd!
Ouch! That really hurt!
* * * LOW HITPOINT WARNING * * *
The gnoll hits you with a whip.
* * * LOW HITPOINT WARNING * * *
You closely miss the gnoll. The gnoll closely misses you.
The gnoll hits you from afar with a halberd.
You die...

..#####..P♣♣♣♣♣P≈..########......
.... #.P≈♣ ♣P≈P...<......#####
##... ##P≈♣ ♣P≈P..........#####
... .P≈≈♣ ♣≈PP..........#.... ...
.PP≈P≈P≈..###.#####.#.### ...
...PP≈P##.# #.......#.# ....P.#
#.# #..#....#.#
......###.###..#....#.###
..?..gbg@......#.........
......g##.#.#..#....#.### .......
#.#.#..♣P.♣.#.# # .......
#.#.#...♣.≈≈#.# # .....#.
#.#.#....P≈...# # ######.
#.#.####..####### ##
#.#..............
..############### #.


You could see 3 gnolls and a bat.

Vanquished Creatures
  A worm (D:2)
  2 leopard geckos (D:1)
  A ball python (D:1)
  3 bats
  2 goblins (D:1)
  3 hobgoblins
  4 kobolds
  2 frilled lizards (D:1)
  3 rats
21 creatures vanquished.

Notes
Turn   | Place    | Note
-------+----------+-------------------------------------------
     0 | D:1      | tomat the Minotaur Berserker began the quest for the Orb.
     0 | D:1      | Reached XP level 1. HP: 19/19 MP: 0/0
   380 | D:1      | Reached XP level 2. HP: 27/27 MP: 1/1
  1030 | D:2      | Found an iron altar of Okawaru.
  1203 | D:2      | Found a hide-covered altar of Uskayaw.
  1298 | D:2      | HP: 1/27 [gnoll/whip (5)]
  1299 | D:2      | Slain by a gnoll

Skill      XL: |  1  2 |
---------------+-------+-----
Axes           | 4 |  4.5
Fighting       | 4 |  4.0
Armour         | |  2.5
Dodging        | |  2.3

Action                   || total
-------------------------++-------
Melee: Hand axe          ||    54
       Headbutt          ||     5
  Eat: Chunk             ||     1
Armor: Animal skin       ||    10
Dodge: Dodged            ||    29
